| TOP OF THE 1ST |
|
San Francisco Giants batting - Pitching for San Diego Padres : RHP Isaac Spikes
|
|
Pitching: RHP Isaac Spikes
|
|
|
Batting: RHB Nick Rigden
|
0-0: Ball 1-0: Called Strike 1-1: Called Strike 1-2: Foul Ball, location: 2F 1-2: Ball 2-2: DOUBLE (Groundball, 5L, EV 95.0 MPH)
|
|
Batting: SHB Ryan Doss
|
0-0: Ball 1-0: Foul Ball, location: 2F 1-1: Foul Ball, location: 2F 1-2: Ball 2-2: Foul Ball, location: 2F 2-2: Ball 3-2: Foul Ball, location: 2F 3-2: Foul Ball, location: 2F 3-2: Base on Balls
|
|
Batting: RHB Sean Zielinski
|
0-0: Ball 1-0: Called Strike 1-1: Foul Ball, location: 2F 1-2: Grounds into double play, 4-6-3 (Groundball, 34, EV 109.4 MPH) Nick Rigden to third
|
|
Batting: LHB Jack Henningar
|
0-0: Ball 1-0: SINGLE (Groundball, 56D, EV 107.5 MPH) Nick Rigden scores
|
|
Batting: LHB Carey Horncole
|
0-0: Called Strike Jack Henningar is caught stealing 2nd base 2-6
|
| Top of the 1st over - 1 run, 2 hits, 0 errors, 0 left on base; San Francisco 1 - San Diego 0 |
| BOTTOM OF THE 1ST |
|
San Diego Padres batting - Pitching for San Francisco Giants : RHP Keith Kidd
|
|
Pitching: RHP Keith Kidd
|
|
|
Batting: RHB Hildo Pot
|
0-0: Swinging Strike 0-1: Ball 1-1: Fly out, F7 (Flyball, 7, EV 90.0 MPH)
|
|
Batting: RHB Eisse Bravenboer
|
0-0: Called Strike 0-1: Called Strike 0-2: Ball 1-2: Fly out, F2 (Popup, 2RF, EV 91.9 MPH)
|
|
Batting: RHB Hugo Bautista
|
0-0: Ball 1-0: Ball 2-0: Ball 3-0: Called Strike 3-1: Called Strike 3-2: Base on Balls
|
|
Batting: RHB Manny Vergara
|
0-0: Fielders Choice at 2nd, 6-4 (Groundball, 6, EV 91.2 MPH)
|
| Bottom of the 1st over - 0 runs, 0 hits, 0 errors, 1 left on base; San Francisco 1 - San Diego 0 |
| TOP OF THE 2ND |
|
San Francisco Giants batting - Pitching for San Diego Padres : RHP Isaac Spikes
|
|
Batting: LHB Carey Horncole
|
0-0: Called Strike 0-1: Ball 1-1: Foul Ball, location: 2F 1-2: Strikes out swinging
|
|
Batting: RHB Lucan Esini
|
0-0: Foul Ball, location: 2F 0-1: Foul Ball, location: 2F 0-2: Fly out, F5 (Line Drive, 5, EV 71.2 MPH)
|
|
Batting: LHB Tom Best
|
0-0: Called Strike 0-1: Ball 1-1: Ball 2-1: Foul Ball, location: 2F 2-2: Foul Ball, location: 2F 2-2: Strikes out swinging
|
| Top of the 2nd over - 0 runs, 0 hits, 0 errors, 0 left on base; San Francisco 1 - San Diego 0 |
| BOTTOM OF THE 2ND |
|
San Diego Padres batting - Pitching for San Francisco Giants : RHP Keith Kidd
|
|
Batting: LHB Mike Holt
|
0-0: Ball 1-0: Ball 2-0: Foul Ball, location: 2F 2-1: Ball 3-1: Base on Balls
|
|
Batting: RHB Luis Torres
|
0-0: Foul Ball, location: 2F 0-1: Swinging Strike 0-2: Ball 1-2: Strikes out looking
|
|
Batting: RHB Kaeo Zirpoli
|
0-0: Ball 1-0: Called Strike 1-1: Ball 2-1: Foul Ball, location: 2F 2-2: Ground out 6-3 (Groundball, P, EV 86.2 MPH) Mike Holt to second
|
|
Batting: LHB Aaron LeBlanc
|
0-0: Foul Ball, location: 2F 0-1: Ball 1-1: Called Strike 1-2: Ball 2-2: Strikes out swinging
|
| Bottom of the 2nd over - 0 runs, 0 hits, 0 errors, 1 left on base; San Francisco 1 - San Diego 0 |
| TOP OF THE 3RD |
|
San Francisco Giants batting - Pitching for San Diego Padres : RHP Isaac Spikes
|
|
Batting: RHB Nate Hodson
|
0-0: Ball 1-0: Foul Ball, location: 2F 1-1: Swinging Strike 1-2: Strikes out swinging
|
|
Batting: RHB John Creel
|
0-0: SINGLE (Groundball, 6M, EV 103.1 MPH) (infield hit)
|
|
Batting: RHB Nick Rigden
|
0-0: Ball 1-0: Fly out, F8 (Flyball, 8LXD, EV 77.5 MPH)
|
|
Batting: SHB Ryan Doss
|
0-0: Ball 1-0: Foul Ball, location: 2F 1-1: Ground out U3 (Groundball, 3, EV 85.6 MPH)
|
| Top of the 3rd over - 0 runs, 1 hit, 0 errors, 1 left on base; San Francisco 1 - San Diego 0 |
| BOTTOM OF THE 3RD |
|
San Diego Padres batting - Pitching for San Francisco Giants : RHP Keith Kidd
|
|
Batting: RHB Elijah Campbell
|
0-0: Foul Ball, location: 2F 0-1: Ball 1-1: Foul Ball, location: 2F 1-2: Ball 2-2: Strikes out swinging
|
|
Batting: RHB Hildo Pot
|
0-0: Ball 1-0: SINGLE (Popup, 5D, EV 51.2 MPH)
|
|
Batting: RHB Eisse Bravenboer
|
0-0: Ball 1-0: Fly out, F8 (Line Drive, 8RD, EV 96.2 MPH)
|
|
Batting: RHB Hugo Bautista
|
0-0: Swinging Strike 0-1: Called Strike 0-2: Ball 1-2: Strikes out looking
|
| Bottom of the 3rd over - 0 runs, 1 hit, 0 errors, 1 left on base; San Francisco 1 - San Diego 0 |
| TOP OF THE 4TH |
|
San Francisco Giants batting - Pitching for San Diego Padres : RHP Isaac Spikes
|
|
Batting: RHB Sean Zielinski
|
0-0: Called Strike 0-1: Foul Ball, location: 2F 0-2: Foul Ball, location: 2F 0-2: Foul Ball, location: 2F 0-2: Ball 1-2: Ball 2-2: Fly out, F5 (Line Drive, 5, EV 72.5 MPH)
|
|
Batting: LHB Jack Henningar
|
0-0: Ball 1-0: Called Strike 1-1: Swinging Strike 1-2: Foul Ball, location: 2F 1-2: Ball 2-2: Fly out, F8 (Flyball, 8RD, EV 76.9 MPH)
|
|
Batting: LHB Carey Horncole
|
0-0: Fly out, F9 (Flyball, 9, EV 80.0 MPH)
|
| Top of the 4th over - 0 runs, 0 hits, 0 errors, 0 left on base; San Francisco 1 - San Diego 0 |
| BOTTOM OF THE 4TH |
|
San Diego Padres batting - Pitching for San Francisco Giants : RHP Keith Kidd
|
|
Batting: RHB Manny Vergara
|
0-0: Called Strike 0-1: Ball 1-1: Ball 2-1: SINGLE (Groundball, 6D, EV 108.1 MPH)
|
|
Batting: LHB Mike Holt
|
0-0: Ball 1-0: Foul Ball, location: 2F 1-1: Ball 2-1: Ball 3-1: Called Strike 3-2: Base on Balls Manny Vergara to second
|
|
Batting: RHB Luis Torres
|
0-0: Called Strike 0-1: Foul Ball, location: 2F 0-2: Ball 1-2: Foul Ball, location: 2F 1-2: Strikes out swinging
|
|
Batting: RHB Kaeo Zirpoli
|
0-0: Ball 1-0: Ball 2-0: Called Strike 2-1: Foul Ball, location: 2F 2-2: Ball 3-2: Fly out, F7 (Flyball, 7, EV 85.0 MPH)
|
|
Batting: LHB Aaron LeBlanc
|
0-0: Foul Ball, location: 2F 0-1: Ball 1-1: Fly out, F7 (Flyball, 78M, EV 80.0 MPH)
|
| Bottom of the 4th over - 0 runs, 1 hit, 0 errors, 2 left on base; San Francisco 1 - San Diego 0 |
| TOP OF THE 5TH |
|
San Francisco Giants batting - Pitching for San Diego Padres : RHP Isaac Spikes
|
|
Batting: RHB Lucan Esini
|
0-0: Ball 1-0: Fly out, F9 (Flyball, 9LM, EV 94.4 MPH)
|
|
Batting: LHB Tom Best
|
0-0: Ball 1-0: Ball 2-0: Ball 3-0: Ground out 4-3 (Groundball, 4, EV 101.2 MPH)
|
|
Batting: RHB Nate Hodson
|
0-0: Ball 1-0: Swinging Strike 1-1: Ball 2-1: Called Strike 2-2: Ball 3-2: Foul Ball, location: 2F 3-2: Base on Balls
|
|
Batting: RHB John Creel
|
0-0: Called Strike 0-1: Foul Ball, location: 2F 0-2: Fly out, F7 (Line Drive, 78M, EV 95.0 MPH)
|
| Top of the 5th over - 0 runs, 0 hits, 0 errors, 1 left on base; San Francisco 1 - San Diego 0 |
| BOTTOM OF THE 5TH |
|
San Diego Padres batting - Pitching for San Francisco Giants : RHP Keith Kidd
|
|
Batting: RHB Elijah Campbell
|
0-0: Foul Ball, location: 2F 0-1: Ball 1-1: Called Strike 1-2: Ground out 4-3 (Groundball, 34D, EV 104.4 MPH)
|
|
Batting: RHB Hildo Pot
|
0-0: Ground out U3 (Groundball, 34S, EV 69.4 MPH)
|
|
Batting: RHB Eisse Bravenboer
|
0-0: Called Strike 0-1: Called Strike 0-2: Ground out 6-3 (Groundball, 6, EV 85.0 MPH)
|
| Bottom of the 5th over - 0 runs, 0 hits, 0 errors, 0 left on base; San Francisco 1 - San Diego 0 |
| TOP OF THE 6TH |
|
San Francisco Giants batting - Pitching for San Diego Padres : RHP Isaac Spikes
|
|
Batting: RHB Nick Rigden
|
0-0: Ball 1-0: Ball 2-0: Single, Error in OF, E8, batter to second base (Groundball, 6MD, EV 96.2 MPH)
|
|
Batting: SHB Ryan Doss
|
0-0: Foul Ball, location: 2F 0-1: Ball 1-1: Ball 2-1: Foul Ball, location: 2F 2-2: Strikes out looking
|
|
Batting: RHB Sean Zielinski
|
0-0: Ball 1-0: Ground out 1-3 (Groundball, 15S, EV 70.6 MPH)
|
|
Batting: LHB Jack Henningar
|
0-0: Foul Ball, location: 2F 0-1: Ball 1-1: Called Strike 1-2: Foul Ball, location: 2F 1-2: Ball 2-2: Ball Wild Pitch! Nick Rigden to third 3-2: Strikes out swinging
|
| Top of the 6th over - 0 runs, 1 hit, 1 error, 1 left on base; San Francisco 1 - San Diego 0 |
| BOTTOM OF THE 6TH |
|
San Diego Padres batting - Pitching for San Francisco Giants : RHP Keith Kidd
|
|
Batting: RHB Hugo Bautista
|
0-0: Foul Ball, location: 2F 0-1: Ground out 6-3 (Groundball, 6, EV 98.1 MPH)
|
|
Batting: RHB Manny Vergara
|
0-0: Ball 1-0: Ball 2-0: Ball 3-0: Called Strike 3-1: Foul Ball, location: 2F 3-2: SINGLE (Groundball, 56D, EV 96.2 MPH)
|
|
Batting: LHB Mike Holt
|
0-0: Fly out, F7 (Line Drive, 7S, EV 107.5 MPH)
|
|
Batting: RHB Luis Torres
|
0-0: Ball 1-0: Fly out, F9 (Flyball, 9D, EV 83.1 MPH)
|
| Bottom of the 6th over - 0 runs, 1 hit, 0 errors, 1 left on base; San Francisco 1 - San Diego 0 |
| TOP OF THE 7TH |
|
San Francisco Giants batting - Pitching for San Diego Padres : RHP Isaac Spikes
|
|
Batting: LHB Carey Horncole
|
0-0: DOUBLE (Groundball, 3L, EV 93.8 MPH)
|
|
Batting: RHB Lucan Esini
|
0-0: Ball 1-0: Called Strike 1-1: Foul Ball, location: 2F 1-2: Strikes out swinging
|
|
Pitching: LHP Yuri Thra
|
|
|
Batting: LHB Tom Best
|
0-0: Called Strike 0-1: Ball 1-1: Ball 2-1: Ball 3-1: Called Strike 3-2: Foul Ball, location: 2F 3-2: Foul Ball, location: 2F 3-2: Strikes out looking
|
|
Batting: RHB Nate Hodson
|
0-0: Ball 1-0: Ball 2-0: Swinging Strike 2-1: Foul Ball, location: 2F 2-2: Foul Ball, location: 2F 2-2: Ball 3-2: Strikes out swinging
|
| Top of the 7th over - 0 runs, 1 hit, 0 errors, 1 left on base; San Francisco 1 - San Diego 0 |
| BOTTOM OF THE 7TH |
|
San Diego Padres batting - Pitching for San Francisco Giants : RHP Keith Kidd
|
|
Batting: RHB Kaeo Zirpoli
|
0-0: Foul Ball, location: 2F 0-1: Ball 1-1: Swinging Strike 1-2: TRIPLE (Flyball, 7LD, EV 110.0 MPH)
|
|
Batting: LHB Aaron LeBlanc
|
0-0: Called Strike 0-1: Foul Ball, location: 2F 0-2: Ball 1-2: Strikes out swinging
|
|
Batting: RHB Elijah Campbell
|
0-0: Ball 1-0: Called Strike 1-1: Foul Ball, location: 2F 1-2: DOUBLE (Line Drive, 89M, EV 96.2 MPH) Kaeo Zirpoli scores
|
|
Batting: RHB Hildo Pot
|
0-0: Intentional Walk
|
|
Batting: RHB Eisse Bravenboer
|
0-0: Foul Ball, location: 2F 0-1: Ball 1-1: Ball 2-1: Foul Ball, location: 2F 2-2: Ball 3-2: 3-RUN HOME RUN (Flyball, 8LXD, EV 112.5 MPH), Distance : 418 ft
|
|
Pitching: LHP Chris Moris
|
|
|
Batting: RHB Hugo Bautista
|
0-0: Ball 1-0: Ball 2-0: Foul Ball, location: 2F 2-1: Ball 3-1: Base on Balls
|
|
Batting: RHB Manny Vergara
|
0-0: Ball 1-0: Foul Ball, location: 2F 1-1: Foul Ball, location: 2F 1-2: Ball 2-2: Strikes out swinging
|
|
Batting: LHB Mike Holt
|
0-0: Called Strike 0-1: Foul Ball, location: 2F 0-2: Ball 1-2: Fly out, F9 (Line Drive, 89M, EV 101.9 MPH)
|
| Bottom of the 7th over - 4 runs, 3 hits, 0 errors, 1 left on base; San Francisco 1 - San Diego 4 |
| TOP OF THE 8TH |
|
San Francisco Giants batting - Pitching for San Diego Padres : LHP Yuri Thra
|
|
Batting: RHB John Creel
|
0-0: Swinging Strike 0-1: Ground out 6-3 (Groundball, 6, EV 83.8 MPH)
|
|
Batting: RHB Nick Rigden
|
0-0: Ball 1-0: Ball 2-0: Ground out 6-3 (Groundball, 6, EV 88.1 MPH)
|
|
Batting: SHB Ryan Doss
|
0-0: Ball 1-0: Foul Ball, location: 2F 1-1: Fly out, F9 (Flyball, 89D, EV 81.9 MPH)
|
| Top of the 8th over - 0 runs, 0 hits, 0 errors, 0 left on base; San Francisco 1 - San Diego 4 |
| BOTTOM OF THE 8TH |
|
San Diego Padres batting - Pitching for San Francisco Giants : LHP Chris Moris
|
|
Pitching: RHP Alex Montes
|
|
|
Batting: RHB Luis Torres
|
0-0: Called Strike 0-1: SINGLE (Groundball, 56S, EV 65.0 MPH) (infield hit)
|
|
Batting: RHB Kaeo Zirpoli
|
0-0: Swinging Strike 0-1: Ball 1-1: Called Strike 1-2: Ball 2-2: Ball 3-2: Fly out, F8 (Line Drive, 8RM, EV 84.4 MPH)
|
|
Batting: LHB Aaron LeBlanc
|
0-0: Foul Ball, location: 2F 0-1: Ball 1-1: Ball 2-1: Foul Ball, location: 2F 2-2: Ball 3-2: Foul Ball, location: 2F 3-2: Foul Ball, location: 2F 3-2: Foul Ball, location: 2F 3-2: Strikes out looking
|
|
Batting: RHB Elijah Campbell
|
0-0: Foul Ball, location: 2F 0-1: Called Strike 0-2: Strikes out swinging
|
| Bottom of the 8th over - 0 runs, 1 hit, 0 errors, 1 left on base; San Francisco 1 - San Diego 4 |
| TOP OF THE 9TH |
|
San Francisco Giants batting - Pitching for San Diego Padres : LHP Yuri Thra
|
|
Pitching: RHP Arturo Diaz
|
|
|
Batting: RHB Sean Zielinski
|
0-0: Called Strike 0-1: Swinging Strike 0-2: Ball 1-2: Strikes out swinging
|
|
Batting: LHB Jack Henningar
|
0-0: Called Strike 0-1: Swinging Strike 0-2: Strikes out swinging
|
|
Batting: LHB Carey Horncole
|
0-0: Called Strike 0-1: Foul Ball, location: 2F 0-2: Ball 1-2: Foul Ball, location: 2F 1-2: SINGLE (Line Drive, 7S, EV 91.2 MPH)
|
|
Batting: RHB Lucan Esini
|
0-0: Fielders Choice at 2nd, 6-4 (Groundball, 6, EV 80.0 MPH)
|
| Top of the 9th over - 0 runs, 1 hit, 0 errors, 1 left on base; San Francisco 1 - San Diego 4 |
|